 Dungeon Crawl Stone Soup version 0.30-a0-34-gbe8da3892a (webtiles) character file.

Game seed: 11976619981791515754

8 ytrimaz the Insei (level 2, 0/18 HPs)
             Began as an Octopode Transmuter on Aug 28, 2022.
             Slain by a gnoll
             ... wielding a +0 club
              (8 damage)
             ... on level 1 of the Dungeon.
             The game lasted 00:00:14 (469 turns).

ytrimaz the Insei (Octopode Transmuter)              Turns: 469, Time: 00:00:15

Health: 0/18       AC:  1    Str:  9    XL:     2   Next: 8%
Magic:  4/5        EV: 13    Int: 15    God:
Gold:   31         SH:  0    Dex: 12    Spells: 4/5 levels left

rFire   . . .      SeeInvis .      - Unarmed
rCold   . . .      Faith    .    (no shield)
rNeg    . . .      Spirit   .    (helmet currently unavailable)
rPois   .          Reflect  .    (no amulet)
rElec   .          Harm     .    (no ring)
rCorr   .          Rampage  .    (no ring)
Will    .....                    (no ring)
Stlth   ++........               (no ring)
HPRegen 0.06/turn                (no ring)
MPRegen 0.09/turn                (no ring)
                                 (no ring)
                                 (no ring)

@: appendages
A: tentacle spike 3, almost no armour, amphibious, 8 rings, camouflage 1,
gelatinous body 1, (nimble swimmer 1), tentacles
a: End Transformation


You were on level 1 of the Dungeon.
One of your tentacles had grown a beastly spike.
You visited 1 branch of the dungeon, and saw 1 of its levels.

You collected 31 gold pieces.

Inventory:

Scrolls
 b - a scroll of teleportation {unknown}
 c - 2 scrolls of identify {unknown}
 d - a scroll of poison {unknown}
Potions
 a - a potion of lignification


   Skills:
 - Level 1.0 Fighting
 - Level 2.0 Dodging
 + Level 3.5 Unarmed Combat
 - Level 2.0 Spellcasting
 - Level 2.0 Transmutations


You had 4 spell levels left.
You knew the following spells:

 Your Spells              Type           Power      Damage    Failure   Level
a - Beastly Appendage     Tmut           14%        N/A       10%         1

Your spell library contained the following spells:

 Spells                   Type           Power      Damage    Failure   Level
 Wereblood                Tmut           7%         N/A       14%         2
 Spider Form              Tmut/Pois      4%         N/A       41%         3
 Ice Form                 Ice/Tmut       4%         N/A       82%         4


Dungeon Overview and Level Annotations

Branches:
Dungeon (1/15)

Altars:


Innate Abilities, Weirdness & Mutations

One of your tentacles has grown a beastly spike.
You cannot wear most types of armour.
You are amphibious.
You can wear up to eight rings at the same time.
Your skin changes colour to match your surroundings (Stealth+).
Your rubbery body absorbs attacks. (AC +1, EV +1)
((You are camouflaged when in or above water. (Stealth+)))
You have tentacles for arms and can constrict up to eight enemies at once.


Message History

You constrict the hobgoblin, but do no damage.
The hobgoblin misses you.
You tentacle-slap the hobgoblin.
You pierce the hobgoblin.
You kill the hobgoblin!
No target in view!
No target in view!
Your transformation is almost over.
Your tentacle spike disappears.
You now have 31 gold pieces (gained 7).
Found a ring mail.
No target in view!
Found 4 stones.
No target in view!
Found 4 stones.
No target in view!
No target in view!
No target in view!
c - 2 scrolls labelled BAROALAUMIR (gained 1)
d - a scroll labelled ASHYOHIEXE A gnoll comes into view.
It is wielding a +0 club.
A gnoll is nearby!
A gnoll is nearby!
A gnoll is nearby!
One of your tentacles grows a vicious spike.
The gnoll shouts!
The gnoll barely misses you.
You tentacle-slap the gnoll. Your grab misses the gnoll.
The gnoll is moderately wounded.
The gnoll hits you with a +0 club.
You completely miss the gnoll. Your grab misses the gnoll.
The gnoll is moderately wounded.
The gnoll hits you with a +0 club!
Unknown command.
You are too injured to fight recklessly!
Unknown command.
You tentacle-slap the gnoll but do no damage.
You grab the gnoll.
You pierce the gnoll.
The gnoll is heavily wounded.
You constrict the gnoll. The gnoll hits you with a +0 club!
You die...

... #.. #.. #.# #
#.# .# #.# ###.##
#g# ###.....
#@####### ......#
#.......# #...#.#
#.#####.# ....#.##
#.# ##.# .......#
#.# #..# #......#
#.# #.##
##.##..#########.#
#.#
#...............#
#.#
####.......#####
#.#


You could see a gnoll.

Vanquished Creatures
  A dart slug (D:1)
  2 ball pythons (D:1)
  A hobgoblin (D:1)
  A quokka (D:1)
  A frilled lizard (D:1)
6 creatures vanquished.

Notes
Turn   | Place    | Note
-------+----------+-------------------------------------------
     0 | D:1      | ytrimaz the Octopode Transmuter began the quest for the
                  | Orb.
     0 | D:1      | Reached XP level 1. HP: 13/13 MP: 3/3
   115 | D:1      | Found a faded altar of an unknown god.
   240 | D:1      | Reached XP level 2. HP: 14/18 MP: 3/5
   469 | D:1      | Slain by a gnoll

Illustrated notes

Levels and vault maps discovered:
D:1:      sevenhm_arrival_forest_fort_small_4, layout_loops_ring,
          hellmonk_ecumenical_altar_crossroads, minmay_misc_feat_chi

Action                   || total
-------------------------++-------
Melee: Unarmed           ||    14
       Constrict         ||     6
       Tentacles         ||     2
       Kick              ||     3
       Punch             ||     1
 Cast: Beastly Appendage ||     6
Dodge: Dodged            ||     6

Table legend: (Time is in decaauts)
 A = Elapsed time spent in this place.
 B = Non-inter-level travel time spent in this place.
 C = Inter-level travel time spent in this place.
 D = Time resting spent in this place.
 E = Time spent auto-exploring this place.
 F = Levels seen in this place.
 G = Mean time per level.
                   A        B        C        D        E       F      G
               +--------+--------+--------+--------+--------+-----+--------+
         Total |    468 |    468 |      0 |      0 |    420 |   1 |  468.0 |
       Dungeon |    468 |    468 |      0 |      0 |    420 |   1 |  468.0 |
               +--------+--------+--------+--------+--------+-----+--------+

Top non-repeatable levels by time:
     D:1: 468 daAuts
